Workbook

Sheet Orçamento
H1: BDI Padrão: 31,250%
D2: Obra: FNDE - 5 salas - opção 220V (EMEF Getúlio Vargas)
H3: Data Preço: DEZEMBRO/2023 (com desoneração)
A4: Município de | D4: Planilha Orçamentária - Ministério da Educação | H4: Unidade federativa: DISTRITO FEDERAL
A5: Arroio do Meio-RS | H5: SEINFRA: CE 10/2023 SINAPI: RS 12/2023 (Desonerado)
H6: BDI Padrão: 31,250%
A8: Item | B8: Tipo | C8: Banco | D8: Código | E8: Descrição | F8: Un. | G8: Qtd. | H8: Preço Unit | I8: Preço com BDI | J8: Total sem BDI | K8: Total
A9: 1 | E9: SERVIÇOS PRELIMINARES | K9: 352095.96 | L9: =SUM(K11:K19) -> 352095.96
A11: 1.1 | B11: Composição | C11: Próprio | D11: CP403 | E11: PLACA DE OBRA (PARA CONSTRUCAO CIVIL) EM CHAPA GALVANIZADA *N. 22*, ADESIVADA, DE *2,4 X 1,2* M | F11: M² | G11: 10 | H11: 345.55 | I11: 453.53 | J11: 3455.5 | K11: 4535.3
A12: 1.2 | B12: Composição | C12: SINAPI | D12: 98459 | E12: TAPUME COM TELHA METÁLICA. AF_05/2018 | F12: M2 | G12: 616 | H12: 80.02 | I12: 105.02 | J12: 49292.32 | K12: 64692.32
A13: 1.3 | B13: Composição | C13: SEINFRA-CE | D13: C2850 | E13: INSTALAÇÕES PROVISÓRIAS DE LUZ , FORÇA,TELEFONE E LÓGICA | F13: UN | G13: 1 | H13: 1676.69 | I13: 2200.65 | J13: 1676.69 | K13: 2200.65
A14: 1.5 | B14: Composição | C14: SINAPI | D14: 93212 | E14: EXECUÇÃO DE SANITÁRIO E VESTIÁRIO EM CANTEIRO DE OBRA EM CHAPA DE MADEIRA COMPENSADA, NÃO INCLUSO MOBILIÁRIO. AF_02/2016 | F14: M2 | G14: 2.52 | H14: 978.96 | I14: 1284.88 | J14: 2466.97 | K14: 3237.89
A15: 1.6 | B15: Composição | C15: SINAPI | D15: 93207 | E15: EXECUÇÃO DE ESCRITÓRIO EM CANTEIRO DE OBRA EM CHAPA DE MADEIRA COMPENSADA, NÃO INCLUSO MOBILIÁRIO E EQUIPAMENTOS. AF_02/2016 | F15: M2 | G15: 20 | H15: 1131.03 | I15: 1484.47 | J15: 22620.6 | K15: 29689.4
A16: 1.7 | B16: Composição | C16: SINAPI | D16: 93584 | E16: EXECUÇÃO DE DEPÓSITO EM CANTEIRO DE OBRA EM CHAPA DE MADEIRA COMPENSADA, NÃO INCLUSO MOBILIÁRIO. AF_04/2016 | F16: M2 | G16: 20 | H16: 855.01 | I16: 1122.2 | J16: 17100.2 | K16: 22444
A17: 1.8 | B17: Composição | C17: SEINFRA-CE | D17: C1630 | E17: LOCAÇÃO DA OBRA - EXECUÇÃO DE GABARITO | F17: M2 | G17: 4800 | H17: 7.15 | I17: 9.38 | J17: 34320 | K17: 45024
A18: 1.9 | B18: Composição | C18: SINAPI | D18: 98525 | E18: LIMPEZA MECANIZADA DE CAMADA VEGETAL, VEGETAÇÃO E PEQUENAS ÁRVORES (DIÂMETRO DE TRONCO MENOR QUE 0,20 M), COM TRATOR DE ESTEIRAS.AF_05/2018 | F18: M2 | G18: 4800 | H18: 0.43 | I18: 0.56 | J18: 2064 | K18: 2688
A19: 1.10 | B19: Composição | C19: Próprio | D19: CP401 | E19: ADMINISTRAÇÃO LOCAL | F19: Mês | G19: 24 | H19: 5637.6 | I19: 7399.35 | J19: 135302.4 | K19: 177584.4
A20: 2 | E20: MOVIMENTAÇÃO DE TERRA PARA FUNDAÇÕES | K20: 68937.9 | L20: =K22+K29+K35+K40 -> 68937.9
A22: 2.1 | E22: EDIFICAÇÃO | K22: =SUM(K24:K28) -> 54741.94 | L22: =SUM(K24:K28) -> 54741.94
A24: 2.1.1 | B24: Composição | C24: SINAPI | D24: 96521 | E24: ESCAVAÇÃO MECANIZADA PARA BLOCO DE COROAMENTO OU SAPATA COM RETROESCAVADEIRA (INCLUINDO ESCAVAÇÃO PARA COLOCAÇÃO DE FÔRMAS). AF_06/2017 | F24: M3 | G24: 196.39 | H24: 44.75 | I24: 58.73 | J24: 8788.45 | K24: 11533.98
A25: 2.1.2 | B25: Composição | C25: SINAPI | D25: 94318 | E25: ATERRO MECANIZADO DE VALA COM RETROESCAVADEIRA (CAPACIDADE DA CAÇAMBA DA RETRO: 0,26 M³ / POTÊNCIA: 88 HP), LARGURA DE 0,8 A 1,5 M, PROFUNDIDADE DE 1,5 A 3,0 M, COM SOLO ARGILO-ARENOSO. AF_05/2016 | F25: M3 | G25: 229.63 | H25: 63.72 | I25: 83.63 | J25: 14632.02 | K25: 19203.95
A26: 2.1.3 | B26: Composição | C26: SINAPI | D26: 101617 | E26: PREPARO DE FUNDO DE VALA COM LARGURA MAIOR OU IGUAL A 1,5 M E MENOR QUE 2,5 M (ACERTO DO SOLO NATURAL). AF_08/2020 | F26: M2 | G26: 279.12 | H26: 2.85 | I26: 3.74 | J26: 795.49 | K26: 1043.9
A27: 2.1.4 | B27: Composição | C27: SINAPI | D27: 93381 | E27: REATERRO MECANIZADO DE VALA COM RETROESCAVADEIRA (CAPACIDADE DA CAÇAMBA DA RETRO: 0,26 M³ / POTÊNCIA: 88 HP), LARGURA DE 0,8 A 1,5 M, PROFUNDIDADE DE 1,5 A 3,0 M, COM SOLO (SEM SUBSTITUIÇÃO) DE 1ª CATEGORIA EM LOCAIS COM BAIXO NÍVEL DE INTERFERÊNCIA. AF_04/2016 | F27: M3 | G27: 326.24 | H27: 13.02 | I27: 17.08 | J27: 4247.64 | K27: 5572.17
A28: 2.1.5 | B28: Composição | C28: SINAPI | D28: 96525 | E28: ESCAVAÇÃO MECANIZADA PARA VIGA BALDRAME COM MINI-ESCAVADEIRA (INCLUINDO ESCAVAÇÃO PARA COLOCAÇÃO DE FÔRMAS). AF_06/2017 | F28: M3 | G28: 276.35 | H28: 47.94 | I28: 62.92 | J28: 13248.21 | K28: 17387.94
A29: 2.2 | E29: RESERVATÓRIO | K29: =SUM(K31:K34) -> 1492.36 | L29: =SUM(K31:K34) -> 1492.36
A31: 2.2.1 | B31: Composição | C31: SINAPI | D31: 96521 | E31: ESCAVAÇÃO MECANIZADA PARA BLOCO DE COROAMENTO OU SAPATA COM RETROESCAVADEIRA (INCLUINDO ESCAVAÇÃO PARA COLOCAÇÃO DE FÔRMAS). AF_06/2017 | F31: M3 | G31: 8.71 | H31: 44.75 | I31: 58.73 | J31: 389.77 | K31: 511.53
A32: 2.2.2 | B32: Composição | C32: SINAPI | D32: 96525 | E32: ESCAVAÇÃO MECANIZADA PARA VIGA BALDRAME COM MINI-ESCAVADEIRA (INCLUINDO ESCAVAÇÃO PARA COLOCAÇÃO DE FÔRMAS). AF_06/2017 | F32: M3 | G32: 11.47 | H32: 47.94 | I32: 62.92 | J32: 549.87 | K32: 721.69
A33: 2.2.3 | B33: Composição | C33: SINAPI | D33: 101617 | E33: PREPARO DE FUNDO DE VALA COM LARGURA MAIOR OU IGUAL A 1,5 M E MENOR QUE 2,5 M (ACERTO DO SOLO NATURAL). AF_08/2020 | F33: M2 | G33: 20.38 | H33: 2.85 | I33: 3.74 | J33: 58.08 | K33: 76.22
A34: 2.2.4 | B34: Composição | C34: SINAPI | D34: 93381 | E34: REATERRO MECANIZADO DE VALA COM RETROESCAVADEIRA (CAPACIDADE DA CAÇAMBA DA RETRO: 0,26 M³ / POTÊNCIA: 88 HP), LARGURA DE 0,8 A 1,5 M, PROFUNDIDADE DE 1,5 A 3,0 M, COM SOLO (SEM SUBSTITUIÇÃO) DE 1ª CATEGORIA EM LOCAIS COM BAIXO NÍVEL DE INTERFERÊNCIA. AF_04/2016 | F34: M3 | G34: 10.71 | H34: 13.02 | I34: 17.08 | J34: 139.44 | K34: 182.92
A35: 2.3 | E35: ESTRUTURA METÁLICA | K35: =SUM(K37:K39) -> 5565.41 | L35: =SUM(K37:K39) -> 5565.41
A37: 2.3.1 | B37: Composição | C37: SINAPI | D37: 96521 | E37: ESCAVAÇÃO MECANIZADA PARA BLOCO DE COROAMENTO OU SAPATA COM RETROESCAVADEIRA (INCLUINDO ESCAVAÇÃO PARA COLOCAÇÃO DE FÔRMAS). AF_06/2017 | F37: M3 | G37: 79.62 | H37: 44.75 | I37: 58.73 | J37: 3562.99 | K37: 4676.08
A38: 2.3.2 | B38: Composição | C38: SINAPI | D38: 101617 | E38: PREPARO DE FUNDO DE VALA COM LARGURA MAIOR OU IGUAL A 1,5 M E MENOR QUE 2,5 M (ACERTO DO SOLO NATURAL). AF_08/2020 | F38: M2 | G38: 56.03 | H38: 2.85 | I38: 3.74 | J38: 159.68 | K38: 209.55
A39: 2.3.3 | B39: Composição | C39: SINAPI | D39: 93381 | E39: REATERRO MECANIZADO DE VALA COM RETROESCAVADEIRA (CAPACIDADE DA CAÇAMBA DA RETRO: 0,26 M³ / POTÊNCIA: 88 HP), LARGURA DE 0,8 A 1,5 M, PROFUNDIDADE DE 1,5 A 3,0 M, COM SOLO (SEM SUBSTITUIÇÃO) DE 1ª CATEGORIA EM LOCAIS COM BAIXO NÍVEL DE INTERFERÊNCIA. AF_04/2016 | F39: M3 | G39: 39.8 | H39: 13.02 | I39: 17.08 | J39: 518.19 | K39: 679.78
A40: 2.4 | E40: MURO | K40: =SUM(K42:K46) -> 7138.19 | L40: =SUM(K42:K46) -> 7138.19
A42: 2.4.1 | B42: Composição | C42: SINAPI | D42: 96521 | E42: ESCAVAÇÃO MECANIZADA PARA BLOCO DE COROAMENTO OU SAPATA COM RETROESCAVADEIRA (INCLUINDO ESCAVAÇÃO PARA COLOCAÇÃO DE FÔRMAS). AF_06/2017 | F42: M3 | G42: 52.34 | H42: 44.75 | I42: 58.73 | J42: 2342.21 | K42: 3073.92
A43: 2.4.2 | B43: Composição | C43: SINAPI | D43: 94318 | E43: ATERRO MECANIZADO DE VALA COM RETROESCAVADEIRA (CAPACIDADE DA CAÇAMBA DA RETRO: 0,26 M³ / POTÊNCIA: 88 HP), LARGURA DE 0,8 A 1,5 M, PROFUNDIDADE DE 1,5 A 3,0 M, COM SOLO ARGILO-ARENOSO. AF_05/2016 | F43: M3 | G43: 1.63 | H43: 63.72 | I43: 83.63 | J43: 103.86 | K43: 136.31
A44: 2.4.3 | B44: Composição | C44: SINAPI | D44: 96525 | E44: ESCAVAÇÃO MECANIZADA PARA VIGA BALDRAME COM MINI-ESCAVADEIRA (INCLUINDO ESCAVAÇÃO PARA COLOCAÇÃO DE FÔRMAS). AF_06/2017 | F44: M3 | G44: 44.46 | H44: 47.94 | I44: 62.92 | J44: 2131.41 | K44: 2797.42
A45: 2.4.4 | B45: Composição | C45: SINAPI | D45: 93381 | E45: REATERRO MECANIZADO DE VALA COM RETROESCAVADEIRA (CAPACIDADE DA CAÇAMBA DA RETRO: 0,26 M³ / POTÊNCIA: 88 HP), LARGURA DE 0,8 A 1,5 M, PROFUNDIDADE DE 1,5 A 3,0 M, COM SOLO (SEM SUBSTITUIÇÃO) DE 1ª CATEGORIA EM LOCAIS COM BAIXO NÍVEL DE INTERFERÊNCIA. AF_04/2016 | F45: M3 | G45: 47.61 | H45: 13.02 | I45: 17.08 | J45: 619.88 | K45: 813.17
A46: 2.4.5 | B46: Composição | C46: SINAPI | D46: 101617 | E46: PREPARO DE FUNDO DE VALA COM LARGURA MAIOR OU IGUAL A 1,5 M E MENOR QUE 2,5 M (ACERTO DO SOLO NATURAL). AF_08/2020 | F46: M2 | G46: 84.86 | H46: 2.85 | I46: 3.74 | J46: 241.85 | K46: 317.37
A47: 3 | E47: FUNDAÇÕES | K47: 844490.53 | L47: =K49+K55+K67+K75+K82+K90+K101+K109+K119+K124 -> 844490.53
A49: 3.1 | E49: CONCRETO ARMADO PARA FUNDAÇÕES - ESTACAS | K49: 186195.87 | L49: =SUM(K51:K54) -> 186195.87
A51: 3.1.1 | B51: Composição | C51: SINAPI | D51: 100897 | E51: ESTACA ESCAVADA MECANICAMENTE, SEM FLUIDO ESTABILIZANTE, COM 40CM DE DIÂMETRO, CONCRETO LANÇADO POR CAMINHÃO BETONEIRA (EXCLUSIVE MOBILIZAÇÃO E DESMOBILIZAÇÃO). AF_01/2020 | F51: M | G51: 672 | H51: 120.28 | I51: 157.86 | J51: 80828.16 | K51: 106081.92
A52: 3.1.2 | B52: Composição | C52: SINAPI | D52: 100897 | E52: ESTACA ESCAVADA MECANICAMENTE, SEM FLUIDO ESTABILIZANTE, COM 40CM DE DIÂMETRO, CONCRETO LANÇADO POR CAMINHÃO BETONEIRA (EXCLUSIVE MOBILIZAÇÃO E DESMOBILIZAÇÃO). AF_01/2020 | F52: M | G52: 196 | H52: 120.28 | I52: 157.86 | J52: 23574.88 | K52: 30940.56
A53: 3.1.3 | B53: Composição | C53: SINAPI | D53: 100897 | E53: ESTACA ESCAVADA MECANICAMENTE, SEM FLUIDO ESTABILIZANTE, COM 40CM DE DIÂMETRO, CONCRETO LANÇADO POR CAMINHÃO BETONEIRA (EXCLUSIVE MOBILIZAÇÃO E DESMOBILIZAÇÃO). AF_01/2020 | F53: M | G53: 42 | H53: 120.28 | I53: 157.86 | J53: 5051.76 | K53: 6630.12
A54: 3.1.4 | B54: Composição | C54: SINAPI | D54: 100897 | E54: ESTACA ESCAVADA MECANICAMENTE, SEM FLUIDO ESTABILIZANTE, COM 40CM DE DIÂMETRO, CONCRETO LANÇADO POR CAMINHÃO BETONEIRA (EXCLUSIVE MOBILIZAÇÃO E DESMOBILIZAÇÃO). AF_01/2020 | F54: M | G54: 269.5 | H54: 120.28 | I54: 157.86 | J54: 32415.46 | K54: 42543.27
A55: 3.2 | E55: CONCRETO ARMADO PARA FUNDAÇÕES - BLOCOS | K55: 209808.84 | L55: =SUM(K57:K66) -> 209808.84
A57: 3.2.1 | B57: Composição | C57: SINAPI | D57: 96619 | E57: LASTRO DE CONCRETO MAGRO, APLICADO EM BLOCOS DE COROAMENTO OU SAPATAS, ESPESSURA DE 5 CM. AF_08/2017 | F57: M2 | G57: 117.16 | H57: 30.28 | I57: 39.74 | J57: 3547.6 | K57: 4655.93
A58: 3.2.2 | B58: Composição | C58: SINAPI | D58: 96534 | E58: FABRICAÇÃO, MONTAGEM E DESMONTAGEM DE FÔRMA PARA BLOCO DE COROAMENTO, EM MADEIRA SERRADA, E=25 MM, 4 UTILIZAÇÕES. AF_06/2017 | F58: M2 | G58: 509.09 | H58: 71.98 | I58: 94.47 | J58: 36644.29 | K58: 48093.73
A59: 3.2.3 | B59: Composição | C59: SINAPI | D59: 96544 | E59: ARMAÇÃO DE BLOCO, VIGA BALDRAME OU SAPATA UTILIZANDO AÇO CA-50 DE 6,3 MM - MONTAGEM. AF_06/2017 | F59: KG | G59: 461.41 | H59: 15.73 | I59: 20.64 | J59: 7257.97 | K59: 9523.5
A60: 3.2.4 | B60: Composição | C60: SINAPI | D60: 96545 | E60: ARMAÇÃO DE BLOCO, VIGA BALDRAME OU SAPATA UTILIZANDO AÇO CA-50 DE 8 MM - MONTAGEM. AF_06/2017 | F60: KG | G60: 1303.85 | H60: 14.56 | I60: 19.11 | J60: 18984.05 | K60: 24916.57
A61: 3.2.5 | B61: Composição | C61: SINAPI | D61: 96546 | E61: ARMAÇÃO DE BLOCO, VIGA BALDRAME OU SAPATA UTILIZANDO AÇO CA-50 DE 10 MM - MONTAGEM. AF_06/2017 | F61: KG | G61: 866.35 | H61: 12.92 | I61: 16.95 | J61: 11193.24 | K61: 14684.63
A62: 3.2.6 | B62: Composição | C62: SINAPI | D62: 96547 | E62: ARMAÇÃO DE BLOCO, VIGA BALDRAME OU SAPATA UTILIZANDO AÇO CA-50 DE 12,5 MM - MONTAGEM. AF_06/2017 | F62: KG | G62: 788.9 | H62: 10.87 | I62: 14.26 | J62: 8575.34 | K62: 11249.71
A63: 3.2.7 | B63: Composição | C63: SINAPI | D63: 96548 | E63: ARMAÇÃO DE BLOCO, VIGA BALDRAME OU SAPATA UTILIZANDO AÇO CA-50 DE 16 MM - MONTAGEM. AF_06/2017 | F63: KG | G63: 681.6 | H63: 10.21 | I63: 13.4 | J63: 6959.13 | K63: 9133.44
A64: 3.2.8 | B64: Composição | C64: SINAPI | D64: 96549 | E64: ARMAÇÃO DE BLOCO, VIGA BALDRAME OU SAPATA UTILIZANDO AÇO CA-50 DE 20 MM - MONTAGEM. AF_06/2017 | F64: KG | G64: 42.42 | H64: 11.29 | I64: 14.81 | J64: 478.92 | K64: 628.24
A65: 3.2.9 | B65: Composição | C65: SINAPI | D65: 92915 | E65: ARMAÇÃO DE ESTRUTURAS DIVERSAS DE CONCRETO ARMADO, EXCETO VIGAS, PILARES, LAJES E FUNDAÇÕES, UTILIZANDO AÇO CA-60 DE 5,0 MM - MONTAGEM. AF_06/2022 | F65: KG | G65: 400.05 | H65: 16.13 | I65: 21.17 | J65: 6452.8 | K65: 8469.05
A66: 3.2.10 | B66: Composição | C66: SINAPI | D66: 96557 | E66: CONCRETAGEM DE BLOCOS DE COROAMENTO E VIGAS BALDRAMES, FCK 30 MPA, COM USO DE BOMBA – LANÇAMENTO, ADENSAMENTO E ACABAMENTO. AF_06/2017 | F66: M3 | G66: 91.83 | H66: 650.93 | I66: 854.34 | J66: 59774.9 | K66: 78454.04
A67: 3.3 | E67: CONCRETO ARMADO PARA FUNDAÇÕES - BLOCOS - MURO | K67: 51277.05 | L67: =SUM(K69:K74) -> 51277.05
A69: 3.3.1 | B69: Composição | C69: SINAPI | D69: 96619 | E69: LASTRO DE CONCRETO MAGRO, APLICADO EM BLOCOS DE COROAMENTO OU SAPATAS, ESPESSURA DE 5 CM. AF_08/2017 | F69: M2 | G69: 26.81 | H69: 30.28 | I69: 39.74 | J69: 811.8 | K69: 1065.42
A70: 3.3.2 | B70: Composição | C70: SINAPI | D70: 96534 | E70: FABRICAÇÃO, MONTAGEM E DESMONTAGEM DE FÔRMA PARA BLOCO DE COROAMENTO, EM MADEIRA SERRADA, E=25 MM, 4 UTILIZAÇÕES. AF_06/2017 | F70: M2 | G70: 101.48 | H70: 71.98 | I70: 94.47 | J70: 7304.53 | K70: 9586.81
A71: 3.3.3 | B71: Composição | C71: SINAPI | D71: 96544 | E71: ARMAÇÃO DE BLOCO, VIGA BALDRAME OU SAPATA UTILIZANDO AÇO CA-50 DE 6,3 MM - MONTAGEM. AF_06/2017 | F71: KG | G71: 237.16 | H71: 15.73 | I71: 20.64 | J71: 3730.52 | K71: 4894.98
A72: 3.3.4 | B72: Composição | C72: SINAPI | D72: 96546 | E72: ARMAÇÃO DE BLOCO, VIGA BALDRAME OU SAPATA UTILIZANDO AÇO CA-50 DE 10 MM - MONTAGEM. AF_06/2017 | F72: KG | G72: 318.53 | H72: 12.92 | I72: 16.95 | J72: 4115.4 | K72: 5399.08
A73: 3.3.5 | B73: Composição | C73: SINAPI | D73: 96543 | E73: ARMAÇÃO DE BLOCO, VIGA BALDRAME E SAPATA UTILIZANDO AÇO CA-60 DE 5 MM - MONTAGEM. AF_06/2017 | F73: KG | G73: 668.44 | H73: 16.98 | I73: 22.28 | J73: 11350.11 | K73: 14892.84
A74: 3.3.6 | B74: Composição | C74: SINAPI | D74: 96557 | E74: CONCRETAGEM DE BLOCOS DE COROAMENTO E VIGAS BALDRAMES, FCK 30 MPA, COM USO DE BOMBA – LANÇAMENTO, ADENSAMENTO E ACABAMENTO. AF_06/2017 | F74: M3 | G74: 18.07 | H74: 650.93 | I74: 854.34 | J74: 11762.3 | K74: 15437.92
A75: 3.4 | E75: CONCRETO ARMADO PARA FUNDAÇÕES - BLOCOS - RESERVATÓRIO | K75: 6497.98 | L75: =SUM(K77:K81) -> 6497.98
A77: 3.4.1 | B77: Composição | C77: SINAPI | D77: 96619 | E77: LASTRO DE CONCRETO MAGRO, APLICADO EM BLOCOS DE COROAMENTO OU SAPATAS, ESPESSURA DE 5 CM. AF_08/2017 | F77: M2 | G77: 4.32 | H77: 30.28 | I77: 39.74 | J77: 130.8 | K77: 171.67
A78: 3.4.2 | B78: Composição | C78: SINAPI | D78: 96534 | E78: FABRICAÇÃO, MONTAGEM E DESMONTAGEM DE FÔRMA PARA BLOCO DE COROAMENTO, EM MADEIRA SERRADA, E=25 MM, 4 UTILIZAÇÕES. AF_06/2017 | F78: M2 | G78: 17.28 | H78: 71.98 | I78: 94.47 | J78: 1243.81 | K78: 1632.44
A79: 3.4.3 | B79: Composição | C79: SINAPI | D79: 96545 | E79: ARMAÇÃO DE BLOCO, VIGA BALDRAME OU SAPATA UTILIZANDO AÇO CA-50 DE 8 MM - MONTAGEM. AF_06/2017 | F79: KG | G79: 45.12 | H79: 14.56 | I79: 19.11 | J79: 656.94 | K79: 862.24
A80: 3.4.4 | B80: Composição | C80: SINAPI | D80: 96546 | E80: ARMAÇÃO DE BLOCO, VIGA BALDRAME OU SAPATA UTILIZANDO AÇO CA-50 DE 10 MM - MONTAGEM. AF_06/2017 | F80: KG | G80: 95.51 | H80: 12.92 | I80: 16.95 | J80: 1233.98 | K80: 1618.89
A81: 3.4.5 | B81: Composição | C81: SINAPI | D81: 96557 | E81: CONCRETAGEM DE BLOCOS DE COROAMENTO E VIGAS BALDRAMES, FCK 30 MPA, COM USO DE BOMBA – LANÇAMENTO, ADENSAMENTO E ACABAMENTO. AF_06/2017 | F81: M3 | G81: 2.59 | H81: 650.93 | I81: 854.34 | J81: 1685.9 | K81: 2212.74
A82: 3.5 | E82: CONCRETO ARMADO PARA FUNDAÇÕES - BLOCOS - METÁLICA | K82: 73885.21 | L82: =SUM(K84:K89) -> 73885.21
A84: 3.5.1 | B84: Composição | C84: SINAPI | D84: 96619 | E84: LASTRO DE CONCRETO MAGRO, APLICADO EM BLOCOS DE COROAMENTO OU SAPATAS, ESPESSURA DE 5 CM. AF_08/2017 | F84: M2 | G84: 52.67 | H84: 30.28 | I84: 39.74 | J84: 1594.84 | K84: 2093.1
A85: 3.5.2 | B85: Composição | C85: SINAPI | D85: 96534 | E85: FABRICAÇÃO, MONTAGEM E DESMONTAGEM DE FÔRMA PARA BLOCO DE COROAMENTO, EM MADEIRA SERRADA, E=25 MM, 4 UTILIZAÇÕES. AF_06/2017 | F85: M2 | G85: 126.91 | H85: 71.98 | I85: 94.47 | J85: 9134.98 | K85: 11989.18
A86: 3.5.3 | B86: Composição | C86: SINAPI | D86: 96544 | E86: ARMAÇÃO DE BLOCO, VIGA BALDRAME OU SAPATA UTILIZANDO AÇO CA-50 DE 6,3 MM - MONTAGEM. AF_06/2017 | F86: KG | G86: 349.32 | H86: 15.73 | I86: 20.64 | J86: 5494.8 | K86: 7209.96
A87: 3.5.4 | B87: Composição | C87: SINAPI | D87: 96545 | E87: ARMAÇÃO DE BLOCO, VIGA BALDRAME OU SAPATA UTILIZANDO AÇO CA-50 DE 8 MM - MONTAGEM. AF_06/2017 | F87: KG | G87: 247.84 | H87: 14.56 | I87: 19.11 | J87: 3608.55 | K87: 4736.22
A88: 3.5.5 | B88: Composição | C88: SINAPI | D88: 96546 | E88: ARMAÇÃO DE BLOCO, VIGA BALDRAME OU SAPATA UTILIZANDO AÇO CA-50 DE 10 MM - MONTAGEM. AF_06/2017 | F88: KG | G88: 888.92 | H88: 12.92 | I88: 16.95 | J88: 11484.84 | K88: 15067.19
A89: 3.5.6 | B89: Composição | C89: SINAPI | D89: 96557 | E89: CONCRETAGEM DE BLOCOS DE COROAMENTO E VIGAS BALDRAMES, FCK 30 MPA, COM USO DE BOMBA – LANÇAMENTO, ADENSAMENTO E ACABAMENTO. AF_06/2017 | F89: M3 | G89: 38.38 | H89: 650.93 | I89: 854.34 | J89: 24982.69 | K89: 32789.56
A90: 3.6 | E90: CONCRETO ARMADO PARA FUNDAÇÕES - VIGAS BALDRAMES | K90: 221223.33 | L90: =SUM(K92:K100) -> 221223.33
A92: 3.6.1 | B92: Composição | C92: SINAPI | D92: 96619 | E92: LASTRO DE CONCRETO MAGRO, APLICADO EM BLOCOS DE COROAMENTO OU SAPATAS, ESPESSURA DE 5 CM. AF_08/2017 | F92: M2 | G92: 161.96 | H92: 30.28 | I92: 39.74 | J92: 4904.14 | K92: 6436.29
A93: 3.6.2 | B93: Composição | C93: SINAPI | D93: 94968 | E93: CONCRETO MAGRO PARA LASTRO, TRAÇO 1:4,5:4,5 (EM MASSA SECA DE CIMENTO/ AREIA MÉDIA/ BRITA 1) - PREPARO MECÂNICO COM BETONEIRA 600 L. AF_05/2021 | F93: M3 | G93: 80.21 | H93: 373.52 | I93: 490.24 | J93: 29960.03 | K93: 39322.15
A94: 3.6.3 | B94: Composição | C94: SINAPI | D94: 96536 | E94: FABRICAÇÃO, MONTAGEM E DESMONTAGEM DE FÔRMA PARA VIGA BALDRAME, EM MADEIRA SERRADA, E=25 MM, 4 UTILIZAÇÕES. AF_06/2017 | F94: M2 | G94: 844.75 | H94: 61.27 | I94: 80.41 | J94: 51757.83 | K94: 67926.34
A95: 3.6.4 | B95: Composição | C95: SINAPI | D95: 96544 | E95: ARMAÇÃO DE BLOCO, VIGA BALDRAME OU SAPATA UTILIZANDO AÇO CA-50 DE 6,3 MM - MONTAGEM. AF_06/2017 | F95: KG | G95: 33.84 | H95: 15.73 | I95: 20.64 | J95: 532.3 | K95: 698.45
A96: 3.6.5 | B96: Composição | C96: SINAPI | D96: 96546 | E96: ARMAÇÃO DE BLOCO, VIGA BALDRAME OU SAPATA UTILIZANDO AÇO CA-50 DE 10 MM - MONTAGEM. AF_06/2017 | F96: KG | G96: 577.22 | H96: 12.92 | I96: 16.95 | J96: 7457.68 | K96: 9783.87
A97: 3.6.6 | B97: Composição | C97: SINAPI | D97: 96547 | E97: ARMAÇÃO DE BLOCO, VIGA BALDRAME OU SAPATA UTILIZANDO AÇO CA-50 DE 12,5 MM - MONTAGEM. AF_06/2017 | F97: KG | G97: 52.39 | H97: 10.87 | I97: 14.26 | J97: 569.47 | K97: 747.08
A98: 3.6.7 | B98: Composição | C98: SINAPI | D98: 96543 | E98: ARMAÇÃO DE BLOCO, VIGA BALDRAME E SAPATA UTILIZANDO AÇO CA-60 DE 5 MM - MONTAGEM. AF_06/2017 | F98: KG | G98: 699.26 | H98: 16.98 | I98: 22.28 | J98: 11873.43 | K98: 15579.51
A99: 3.6.8 | B99: Composição | C99: SINAPI | D99: 96557 | E99: CONCRETAGEM DE BLOCOS DE COROAMENTO E VIGAS BALDRAMES, FCK 30 MPA, COM USO DE BOMBA – LANÇAMENTO, ADENSAMENTO E ACABAMENTO. AF_06/2017 | F99: M3 | G99: 65.16 | H99: 650.93 | I99: 854.34 | J99: 42414.59 | K99: 55668.79
A100: 3.6.9 | B100: Composição | C100: SINAPI | D100: 96545 | E100: ARMAÇÃO DE BLOCO, VIGA BALDRAME OU SAPATA UTILIZANDO AÇO CA-50 DE 8 MM - MONTAGEM. AF_06/2017 | F100: KG | G100: 1311.4 | H100: 14.56 | I100: 19.11 | J100: 19093.98 | K100: 25060.85
A101: 3.7 | E101: CONCRETO ARMADO PARA FUNDAÇÕES - VIGAS BALDRAMES - MURO | K101: 70925.91 | L101: =SUM(K103:K108) -> 70925.91
A103: 3.7.1 | B103: Composição | C103: SINAPI | D103: 96619 | E103: LASTRO DE CONCRETO MAGRO, APLICADO EM BLOCOS DE COROAMENTO OU SAPATAS, ESPESSURA DE 5 CM. AF_08/2017 | F103: M2 | G103: 44.46 | H103: 30.28 | I103: 39.74 | J103: 1346.24 | K103: 1766.84
A104: 3.7.2 | B104: Composição | C104: SINAPI | D104: 94968 | E104: CONCRETO MAGRO PARA LASTRO, TRAÇO 1:4,5:4,5 (EM MASSA SECA DE CIMENTO/ AREIA MÉDIA/ BRITA 1) - PREPARO MECÂNICO COM BETONEIRA 600 L. AF_05/2021 | F104: M3 | G104: 0.57 | H104: 373.52 | I104: 490.24 | J104: 212.9 | K104: 279.43
A105: 3.7.3 | B105: Composição | C105: SINAPI | D105: 96537 | E105: FABRICAÇÃO, MONTAGEM E DESMONTAGEM DE FÔRMA PARA BLOCO DE COROAMENTO, EM CHAPA DE MADEIRA COMPENSADA RESINADA, E=17 MM, 2 UTILIZAÇÕES. AF_06/2017 | F105: M2 | G105: 177.83 | H105: 185.79 | I105: 243.84 | J105: 33039.03 | K105: 43362.06
A106: 3.7.4 | B106: Composição | C106: SINAPI | D106: 96545 | E106: ARMAÇÃO DE BLOCO, VIGA BALDRAME OU SAPATA UTILIZANDO AÇO CA-50 DE 8 MM - MONTAGEM. AF_06/2017 | F106: KG | G106: 474.53 | H106: 14.56 | I106: 19.11 | J106: 6909.15 | K106: 9068.26
A107: 3.7.5 | B107: Composição | C107: SINAPI | D107: 96543 | E107: ARMAÇÃO DE BLOCO, VIGA BALDRAME E SAPATA UTILIZANDO AÇO CA-60 DE 5 MM - MONTAGEM. AF_06/2017 | F107: KG | G107: 226.77 | H107: 16.98 | I107: 22.28 | J107: 3850.55 | K107: 5052.43
A108: 3.7.6 | B108: Composição | C108: SINAPI | D108: 96557 | E108: CONCRETAGEM DE BLOCOS DE COROAMENTO E VIGAS BALDRAMES, FCK 30 MPA, COM USO DE BOMBA – LANÇAMENTO, ADENSAMENTO E ACABAMENTO. AF_06/2017 | F108: M3 | G108: 13.34 | H108: 650.93 | I108: 854.34 | J108: 8683.4 | K108: 11396.89
A109: 3.8 | E109: CONCRETO ARMADO PARA FUNDAÇÕES - VIGAS BALDRAMES - RESERVATÓRIO | K109: 11542.79 | L109: =SUM(K111:K118) -> 11542.79
A111: 3.8.1 | B111: Composição | C111: SINAPI | D111: 96619 | E111: LASTRO DE CONCRETO MAGRO, APLICADO EM BLOCOS DE COROAMENTO OU SAPATAS, ESPESSURA DE 5 CM. AF_08/2017 | F111: M2 | G111: 7.65 | H111: 30.28 | I111: 39.74 | J111: 231.64 | K111: 304.01
A112: 3.8.2 | B112: Composição | C112: SINAPI | D112: 96536 | E112: FABRICAÇÃO, MONTAGEM E DESMONTAGEM DE FÔRMA PARA VIGA BALDRAME, EM MADEIRA SERRADA, E=25 MM, 4 UTILIZAÇÕES. AF_06/2017 | F112: M2 | G112: 45.89 | H112: 61.27 | I112: 80.41 | J112: 2811.68 | K112: 3690.01
A113: 3.8.3 | B113: Composição | C113: SINAPI | D113: 96544 | E113: ARMAÇÃO DE BLOCO, VIGA BALDRAME OU SAPATA UTILIZANDO AÇO CA-50 DE 6,3 MM - MONTAGEM. AF_06/2017 | F113: KG | G113: 2.92 | H113: 15.73 | I113: 20.64 | J113: 45.93 | K113: 60.26
A114: 3.8.4 | B114: Composição | C114: SINAPI | D114: 96545 | E114: ARMAÇÃO DE BLOCO, VIGA BALDRAME OU SAPATA UTILIZANDO AÇO CA-50 DE 8 MM - MONTAGEM. AF_06/2017 | F114: KG | G114: 5.49 | H114: 14.56 | I114: 19.11 | J114: 79.93 | K114: 104.91
A115: 3.8.5 | B115: Composição | C115: SINAPI | D115: 96546 | E115: ARMAÇÃO DE BLOCO, VIGA BALDRAME OU SAPATA UTILIZANDO AÇO CA-50 DE 10 MM - MONTAGEM. AF_06/2017 | F115: KG | G115: 132.28 | H115: 12.92 | I115: 16.95 | J115: 1709.05 | K115: 2242.14
A116: 3.8.6 | B116: Composição | C116: SINAPI | D116: 96547 | E116: ARMAÇÃO DE BLOCO, VIGA BALDRAME OU SAPATA UTILIZANDO AÇO CA-50 DE 12,5 MM - MONTAGEM. AF_06/2017 | F116: KG | G116: 22.53 | H116: 10.87 | I116: 14.26 | J116: 244.9 | K116: 321.27
...

Sheet Cronograma
A1: Ministério da Educação
A4: Obra: Projeto Padrão FNDE - 5 salas
A5: Município: | B5: Arroio do Meio - RS
A8: Planejamento
A10: ITEM | B10: DESCRIÇÃO DOS SERVIÇOS | C10: VALOR (R$) | D10: % ITEM | E10: 1 | F10: 2 | G10: 3 | H10: 4 | I10: 5 | J10: 6 | K10: 7 | L10: 8 | M10: 9 | N10: 10 | O10: 11 | P10: 12 | Q10: 13 | R10: 14 | S10: 15 | T10: 16 | U10: 17 | V10: 18 | W10: 19 | X10: 20 | Y10: 21 | Z10: 22 | AA10: 23 | AB10: 24
A12: 1 | B12: SERVIÇOS PRELIMINARES | C12: =Orçamento!K9 -> 352095.96 | E12: 1
A14: 2 | B14: MOVIMENTO DE TERRAS PARA FUNDAÇÕES | C14: =Orçamento!K20 -> 68937.9 | E14: 0.15 | F14: 0.85
A16: 3 | B16: FUNDAÇÕES | C16: =Orçamento!K47 -> 844490.53 | F16: 0.7 | G16: 0.3
A18: 4 | B18: SUPERESTRUTURA | C18: =Orçamento!K131 -> 2162635.9 | F18: 0.1 | G18: 0.7 | H18: 0.2
A20: 5 | B20: SISTEMA DE VEDAÇÃO VERTICAL | C20: =Orçamento!K203 -> 314490.19 | G20: 0.15 | H20: 0.4 | I20: 0.45
A22: 6 | B22: ESQUADRIAS | C22: =Orçamento!K228 -> 709508.73 | I22: 0.1 | J22: 0.4 | K22: 0.3 | L22: 0.2
A24: 7 | B24: SISTEMAS DE COBERTURA | C24: =Orçamento!K282 -> 613469.77 | J24: 0.25 | K24: 0.35 | L24: 0.25 | M24: 0.15
A26: 8 | B26: IMPERMEABILIZAÇÃO | C26: =Orçamento!K304 -> 89240.42 | J26: 1
A28: 9 | B28: REVESTIMENTOS INTERNOS E EXTERNOS | C28: =Orçamento!K310 -> 599944.34 | K28: 0.15 | L28: 0.2 | M28: 0.2 | N28: 0.2 | O28: 0.2 | P28: 0.05
A30: 10 | B30: SISTEMAS DE PISOS INTERNOS E EXTERNOS | C30: =Orçamento!K329 -> 568468.9 | K30: 0.15 | L30: 0.15 | M30: 0.25 | N30: 0.2 | O30: 0.25
A32: 11 | B32: PINTURA | C32: =Orçamento!K355 -> 116117.47 | O32: 0.3 | P32: 0.25 | Q32: 0.4
A34: 12 | B34: INSTALAÇÃO HIDRÁULICA | C34: =Orçamento!K377 -> 158234.69 | L34: 0.1 | M34: 0.2 | N34: 0.3 | O34: 0.2 | P34: 0.1 | Q34: 0.1
A36: 13 | B36: DRENAGEM DE ÁGUAS PLUVIAIS | C36: =Orçamento!K453 -> 84486.13 | M36: 0.2 | N36: 0.2 | O36: 0.3 | P36: 0.25 | Q36: 0.05
A38: 14 | B38: INSTALAÇÃO SANITÁRIA | C38: =Orçamento!K475 -> 92575.07 | L38: 0.2 | M38: 0.2 | N38: 0.2 | O38: 0.2 | P38: 0.2
A40: 15 | B40: LOUÇAS E METAIS | C40: =Orçamento!K536 -> 86166.23 | Q40: 0.1 | R40: 0.2 | S40: 0.3 | T40: 0.4
A42: 16 | B42: INSTALAÇÃO DE GÁS COMBUSTÍVEL | C42: =Orçamento!K573 -> 4119.8 | O42: 0.3 | P42: 0.3 | S42: 0.2 | T42: 0.2
A44: 17 | B44: SISTEMA DE PROTEÇÃO CONTRA INCÊNDIO | C44: =Orçamento!K583 -> 117762.44 | O44: 0.05 | P44: 0.1 | Q44: 0.1 | R44: 0.2 | S44: 0.3 | T44: 0.25
A46: 18 | B46: INSTALAÇÕES ELÉTRICAS - 220V | C46: =Orçamento!K627 -> 428989.8 | P46: 0.1 | Q46: 0.1 | R46: 0.2 | S46: 0.25 | T46: 0.25 | U46: 0.1
A48: 19 | B48: INSTALAÇÕES DE CLIMATIZAÇÃO | C48: =Orçamento!K724 -> 28432.65 | P48: 0.2 | T48: 0.8
A50: 20 | B50: INSTALAÇÕES DE REDE ESTRUTURADA | C50: =Orçamento!K735 -> 169045.65 | R50: 0.2 | S50: 0.3 | T50: 0.3 | U50: 0.2
A52: 21 | B52: SISTEMA DE EXAUSTÃO MECÂNICA | C52: =Orçamento!K782 -> 30078.79 | R52: 0.5 | S52: 0.5
A54: 22 | B54: SISTEMA DE PROTEÇÃO CONTRA DESC. ATMOSFÉRICAS | C54: =Orçamento!K787 -> 75783.36 | R54: 0.15 | S54: 0.1 | T54: 0.3 | U54: 0.2 | V54: 0.15 | W54: 0.1
A56: 23 | B56: SERVIÇOS COMPLEMENTARES | C56: =Orçamento!K804 -> 153320.99 | V56: 0.15 | W56: 0.25 | X56: 0.15 | Y56: 0.3 | Z56: 0.15
A58: 24 | B58: SERVIÇOS FINAIS | C58: =Orçamento!K816 -> 8444.82 | AA58: 0.4 | AB58: 0.6
A61: Valores Totais | C61: =SUM(C12:C58) -> 7876840.5 | D61: =SUM(D12:D58) -> 0
C63: =SUM(E61:AB61) -> 0
C68: Ionara Magalhães
C69: Eng° Civil - CREA/RS 180.285/D

Sheet Composições
B2: Item | C2: Descrição do Serviço
B3: 12.5 | C3: Caixa D´água - 40.000,00Litros
B19: 6.7.1 | C19: Portão de abrir aço carbono chapa perfurada, inclusive pintura
A21: Item | B21: sinapi | C21: descrição | D21: Qtdade | E21: Und | F21: R$ | G21: Total
A22: 1. | B22: Internet
C23: METALON 40X60 | D23: 31.5 | E23: m | F23: 12 | G23: =D23*F23 -> 378
C24: TELA PERFURADA | D24: 14.22 | E24: m² | F24: 369.37 | G24: =D24*F24 -> 5252.4414
C25: SOLDADOR (HORISTA) | D25: 40 | E25: h | F25: 27.31 | G25: =D25*F25 -> 1092.4
B26: 38155 | C26: FECHADURA DE SOBREPOR PARA PORTAO | D26: 2 | E26: und | F26: 102.93 | G26: =D26*F26 -> 205.86
F27: 10.94 | G27: =G23+G24+G25+G26 -> 6928.7014
G28: =G27/10.94 -> 633.33651
E86: =129.9+129.9+85.91 -> 345.71 | F86: =E86/3 -> 115.23667
B107: =2090.15+2199.99+2239.99 -> 6530.13 | C107: =B107/3 -> 2176.71 | D107: =C107*#REF! -> #REF! | E107: =D107+C107 -> #REF!
E166: =4167+5661.05+6286.5 -> 16114.55 | F166: =E166/3 -> 5371.5167
B213: =775+1063.24+481.58 -> 2319.82 | C213: =B213/3 -> 773.27333
C288: =1850+2277.87+1833 -> 5960.87 | D288: =C288/3 -> 1986.9567
H346: 67170
H365: 57400
H366: 9890
H367: =H365+H366 -> 67290
